Cogmind - Beta 13 @@@ ROGUE MODE // 2024.03.31 @ 11:53:21 Player: Arianne Result: Destroyed by as-27654 with Assembled Blade Performance ------------- Evolutions (0) 0 Regions Visited (2) 400 Robots Destroyed (17) 85 Value Destroyed (491) 491 Prototype IDs (3) 60 Alien Tech Used (0) 0 Bonus (0) 0 TOTAL SCORE: 1036 Bonus ------- None Cogmind --------- Core Integrity 0/250 Matter 300/300 Energy 50/250 System Corruption 0% Temperature Hot (204) Movement Walking (120) Location -10/Mines Parts ------- > --- POWER (1) -------- Ion Engine > --- PROPULSION (2) --- Aluminum Leg > --- UTILITY (2) ------ Visual Processing Unit > --- WEAPON (2) ------- Light EM Pulse Cannon > --- INVENTORY (5) ---- Ion Engine Experimental Sensor Array Light EM Pulse Cannon Beam Cannon Grenade Launcher Peak State ------------ > --- POWER ------------ Ion Engine > --- PROPULSION ------- Aluminum Leg Aluminum Leg > --- UTILITY ---------- Visual Processing Unit Weapon Shielding > --- WEAPON ----------- Light EM Pulse Cannon Light EM Pulse Cannon > --- INVENTORY -------- Ion Engine Experimental Sensor Array Light EM Pulse Cannon Beam Cannon Grenade Launcher [Rating: 11] Favorites ----------- Power Ion Engine Engine Ion Engine Propulsion Aluminum Leg Leg Aluminum Leg Utility Weapon Shielding Processor Visual Processing Unit Protection Weapon Shielding Weapon Light Cannon Energy Gun EM Pulse Gun Energy Cannon Light EM Pulse Cannon Ballistic Cannon Light Cannon Build | -11 -10 -10 ------- Run | Yrd Mat Min Slots Evolved . | . . . Power . | . . . Propulsion . | . . . Utility . | . . . Weapon . | . . . Parts Attached 13 | 5 7 1 Power 2 | 1 1 . Engine 2 | 1 1 . Core . | . . . Reactor . | . . . Propulsion 4 | 2 2 . Treads . | . . . Leg 4 | 2 2 . Wheel . | . . . Hover . | . . . Flight . | . . . Utility 2 | . 2 . Device . | . . . Storage . | . . . Processor 1 | . 1 . Hackware . | . . . Protection 1 | . 1 . Artifact . | . . . Weapon 5 | 2 2 1 Energy Gun 2 | 2 . . Energy Cannon 2 | . 1 1 Ballistic Gun . | . . . Ballistic Cannon 1 | . 1 . Launcher . | . . . Special Weapon . | . . . Impact Weapon . | . . . Slashing Weapon . | . . . Piercing Weapon . | . . . Special Melee Weapon . | . . . Unidentified Prototypes . | . . . Parts Lost 5 | . 1 4 Power . | . . . Propulsion 2 | . 1 1 Utility 1 | . . 1 Weapon 2 | . . 2 Highest Loss Streak 3 | . 1 3 To Critical Strikes . | . . . Average Slot Usage (%) 81 | . 78 98 Engine 14 | . 14 14 Leg 27 | . 27 27 Processor 5 | . 3 14 Protection 5 | . 4 14 Energy Gun 8 | . 9 . Energy Cannon 8 | . 6 20 Ballistic Cannon 10 | . 11 7 Naked Turns . | . . . Heaviest Build 14 | 9 13 14 Greatest Support 20 | 20 20 20 Greatest Overweight (x) 1 | . 1 . Average Overweight (x) . | . . . Largest Inventory Capacity 5 | 5 5 5 Average Capacity 5 | 5 5 5 Most Carried 5 | 1 5 5 Average Carried 3 | . 3 4 Final Capacity 5 | 5 5 5 Final Carried 5 | 1 5 5 Class Distribution -------------------- 100% | Mutant Dominant Class ---------------- Mutant | -10/Materials Mutant | -10/Mines Resources | -11 -10 -10 ----------- Run | Yrd Mat Min Matter Collected 437 | 223 192 22 Remotely . | . . . Salvage Created 558 | . 402 156 Parts 46 | . 35 11 Haulers Intercepted . | . . . Recyclers Shooed . | . . . Parts Field Recycled . | . . . Retrieved Matter . | . . . Parts Self-Destructed . | . . . Prevented . | . . . Kills | -11 -10 -10 ------- Run | Yrd Mat Min Combat Hostiles Destroyed 15 | . 8 7 Guns 1 | . 1 . Cannons 14 | . 7 7 Classes Destroyed 5 | . 3 2 Worker 1 | . 1 . Watcher 3 | . 3 . Swarmer 3 | . . 3 Grunt 10 | . 8 2 Assembled 2 | . . 2 Best Kill Streak 4 | . 4 3 Combat Bots Only 4 | . 4 3 Max Kills in Single Turn 2 | . 2 1 Gunslinging . | . . . Exploded . | . . . Melee . | . . . Uniques/NPCs Destroyed . | . . . Combat | -11 -10 -10 -------- Run | Yrd Mat Min Hostile Shots Fired 71 | . 34 37 Missed 19 | . 7 12 Damage Taken 880 | . 402 478 Core 261 | . 83 178 Absorbed by Shields . | . . . Redirected to Shielding 53 | . 12 41 Core Remaining (%) 100 | 100 . . Volleys Fired 37 | . 25 12 Largest 2 | . 2 2 Hottest 112 | . 91 112 Shots Fired 69 | . 50 19 Gun 7 | . 7 . Cannon 62 | . 43 19 Launcher . | . . . Special . | . . . Kinetic 28 | . 25 3 Thermal . | . . . Explosive . | . . . Electromagnetic 41 | . 25 16 Robot Hit Streak 4 | . 4 4 Robot Miss Streak 6 | . 6 1 Penetration Max . | . . . Secondary Targets . | . . . Shots Hit Robots 30 | . 18 12 Core Hits 25 | . 15 10 Critical Kills . | . . . Critical Parts Destroyed . | . . . Critical Strikes . | . . . Melee Attacks . | . . . Impact . | . . . Slashing . | . . . Piercing . | . . . Sneak Attacks . | . . . Combat Hostiles . | . . . Follow-up Attacks . | . . . Damage Inflicted 713 | . 489 224 Guns 43 | . 43 . Cannons 670 | . 446 224 Explosions . | . . . Melee . | . . . Ramming . | . . . Kinetic 273 | . 226 47 Thermal . | . . . Explosive . | . . . Electromagnetic 440 | . 263 177 Impact . | . . . Slashing . | . . . Piercing . | . . . Highest Corruption . | . . . Average Corruption . | . . . Corruption Purged . | . . . Corruption Blocked . | . . . Overload Shots . | . . . Overflow Damage 4 | . 4 . Projectiles 4 | . 4 . Explosions . | . . . Melee . | . . . Knockbacks 2 | . 2 . Impact . | . . . Kinetic 2 | . 2 . Secondary . | . . . Self-Inflicted Damage 51 | . 51 . Shots 1 | . 1 . Rammed . | . . . Targets Rammed . | . . . Kicked . | . . . Crushed . | . . . Highest Temperature 204 | . 183 204 Average Temperature 65 | . 67 62 Received Heat Transfer 243 | . 228 15 Siege Activations . | . . . Robots Corrupted . | . . . Combat Hostiles . | . . . Parts Fried . | . . . Impact Corruptions . | . . . Robots Melted . | . . . Combat Hostiles . | . . . Parts Melted . | . . . Heat Transferred . | . . . Parts Sabotaged . | . . . Parts Stolen . | . . . Parts Stripped . | . . . Power Chain Reactions 1 | . 1 . Alert | -11 -10 -10 ------- Run | Yrd Mat Min Peak Influence 159 | . 127 159 Initial 49 | . . 49 Average 56 | . 47 113 Maximum Alert Level . | . . . Low Security (%) 100 | 100 100 100 Level 1 . | . . . Level 2 . | . . . Level 3 . | . . . Level 4 . | . . . Level 5 . | . . . High Security . | . . . Max Security . | . . . Squads Dispatched 2 | . 2 . Investigation 1 | . 1 . Extermination . | . . . Reinforcement 1 | . 1 . Assault . | . . . Garrison . | . . . Intercept . | . . . Searches Triggered . | . . . Construction Impeded . | . . . Haulers Reinforced . | . . . Active Scanning Responses . | . . . Cargo Convoy Interrupts . | . . . Stealth | -11 -10 -10 --------- Run | Yrd Mat Min Distress Signals 1 | . 1 . Communications Jammed . | . . . Distress Signals . | . . . Times Spotted 25 | . 14 11 Peak Tracking Total 6 | . 5 6 Tactical Retreats 1 | . 1 . Traps | -11 -10 -10 ------- Run | Yrd Mat Min Traps Triggered . | . . . Indirectly . | . . . Trap Hack Attempts . | . . . Triggered . | . . . Disarmed . | . . . Reprogrammed . | . . . Reused . | . . . Traps Extracted . | . . . Installed . | . . . Triggered . | . . . Machines | -11 -10 -10 ---------- Run | Yrd Mat Min Machines Disabled 2 | . 2 . Max in Single Turn 1 | . 1 . Machines Repaired . | . . . Machines Dismantled . | . . . Machines Sabotaged . | . . . Overloaded Fab Kills . | . . . Hacking | -11 -10 -10 --------- Run | Yrd Mat Min Machines Accessed 7 | . 6 1 Terminals 7 | . 6 1 Fabricators . | . . . Repair Stations . | . . . Recycling Units . | . . . Scanalyzers . | . . . Garrison Access . | . . . Total Hacks 14 | . 13 1 Successful 9 | . 8 1 Failed 5 | . 5 . Catastrophic 1 | . 1 . Database Lockouts . | . . . Manual . | . . . Terminals 14 | . 13 1 Fabricators . | . . . Repair Stations . | . . . Recycling Units . | . . . Scanalyzers . | . . . Garrison Access . | . . . Terminal Hacks 9 | . 8 1 Record 2 | . 1 1 Robot Analysis 1 | . 1 . Prototype ID Bank 2 | . 2 . Emergency Access Points 1 | . 1 . Alert Level 1 | . 1 . Transport Status 1 | . 1 . Recall Reinforcements 1 | . 1 . Fabricator Hacks . | . . . Repair Station Hacks . | . . . Recycling Unit Hacks . | . . . Scanalyzer . | . . . Garrison Access Hacks . | . . . Unauthorized Hacks . | . . . Terminals . | . . . Fabricators . | . . . Repair Stations . | . . . Recycling Units . | . . . Scanalyzers . | . . . Garrison Access . | . . . Data Cores Recovered . | . . . Used . | . . . Hacking Detections 4 | . 4 . Full Trace Events 1 | . 1 . Feedback Events . | . . . Feedback Blocked . | . . . Robot Schematics Acquired . | . . . Robots Built . | . . . Authchips . | . . . Time . | . . . Total Robot Build Rating . | . . . Part Schematics Acquired . | . . . Parts Built . | . . . Authchips . | . . . Time . | . . . Total Part Build Rating . | . . . Parts Repaired . | . . . Time . | . . . Parts Recycled . | . . . Recycled Matter . | . . . Retrieved Matter . | . . . Retrieved Components . | . . . Parts Scanalyzed . | . . . Part Schematics Acquired . | . . . Parts Damaged . | . . . Bothacking | -11 -10 -10 ------------ Run | Yrd Mat Min Used RIF Installer . | . . . Robots Hacked . | . . . Non-combat . | . . . Combat . | . . . Robot Hacks Applied . | . . . Relay Couplers Released . | . . . Fabnet Peak Effective % . | . . . Robots Rewired . | . . . Allies Hacked . | . . . Hacks Repelled . | . . . Allies | -11 -10 -10 -------- Run | Yrd Mat Min Total Allies . | . . . Largest Group . | . . . Highest-Rated Group . | . . . Highest-Rated Ally . | . . . Total Orders . | . . . Ally Attacks . | . . . Total Damage . | . . . Kills . | . . . Allies Corrupted . | . . . Allies Melted . | . . . Intel | -11 -10 -10 ------- Run | Yrd Mat Min Robot Analysis Total 1 | . 1 . Derelict Logs Recovered 1 | . . 1 Drone Launches . | . . . Drone Recoveries . | . . . Exploration | -11 -10 -10 ------------- Run | Yrd Mat Min Turns Passed 1861 | 52 1528 281 Spaces Moved 1175 | 39 934 202 Core 3 | 3 . . Treads . | . . . Legs 1172 | 36 934 202 Wheels . | . . . Hover . | . . . Flight . | . . . Fastest Speed 50 | 50 120 120 Average Speed 120 | 114 120 120 Slowest Speed 190 | 120 190 120 Overloaded Moves . | . . . Propulsion Burnouts . | . . . Robots Hopped . | . . . Cave-ins Triggered . | . . . Exploration Rate (%) 47 | 3 95 43 Regions Visited 2 Branch Regions 1 Pre-discovered Areas 2 | . . 2 Known Exits Taken . | . . . Unknown Exits Taken 2 | 1 1 . Scrap Searched . | . . . Spaces Dug . | . . . Terrain Destroyed 6 | . 6 . Melee . | . . . Projectile . | . . . AOE 6 | . 6 . Terrain Rammed . | . . . Walls Destroyed . | . . . Machines Disabled . | . . . Actions | -11 -10 -10 --------- Run | Yrd Mat Min Total 1554 | 44 1289 221 Wait 316 | . 311 5 Move 1173 | 38 933 202 Hop . | . . . Pick Up 9 | 1 7 1 Fast Attach 8 | 5 3 . Attach 3 | . 2 1 Detach 1 | . 1 . Swap 2 | . 2 . Drop 5 | . 5 . Fire 37 | . 25 12 Melee . | . . . Ram . | . . . Kick . | . . . Crush . | . . . Escape Stasis . | . . . Rewire . | . . . Trap . | . . . Miscellaneous . | . . . Route ------- -11/Scrapyard -10/Materials (discovered 5 exits: [*Mat x3] / *Min x2) -10/Mines History --------- Turn | Location | Event 2 | -11/Scrapyard | Discovered new exit (range 16) 53 | -11/Scrapyard | Entered Materials 301 | -10/Materials | Build established: Mutant 825 | -10/Materials | Discovered new exit (range 15) 947 | -10/Materials | Discovered new exit (range 9) 1061 | -10/Materials | Discovered new exit (range 15) 1234 | -10/Materials | Discovered new exit (range 16) 1332 | -10/Materials | Discovered new exit (range 17) 1581 | -10/Materials | Entered Mines 1582 | -10/Mines | Learned location of Storage (-7) 1603 | -10/Mines | Met a Derelict bent on vengeance 1724 | -10/Mines | Learned location of Recycling (-7) 1823 | -10/Mines | Assembled infested the area 1833 | -10/Mines | Found a damaged Exp. Sensor Array with a note attached 1838 | -10/Mines | Found Prototype Device 1847 | -10/Mines | Core integrity fell below 50% 1860 | -10/Mines | Core integrity fell below 20% 1862 | -10/Mines | Destroyed by as-27654 with Assembled Blade Last Messages --------------- ALERT: Infestation in the mines, dispatching Demolisher response squad. A damaged part is partially visible under some rubble. There's a note attached: "Everyone keeps telling us we should avoid high-traffic areas because that's where patrols are more likely to show up, but that doesn't do us much good if we can't spot those areas until they're on top of us... With this we can! Deliver it to Megawrench for repairs then we'll never be afraid of an ambush while sneaking around Materials again, ha." Acquired Prototype Device. as-28323 destroyed. as-27654 sneak attacks. T-07 Excavator destroyed. Aluminum Leg destroyed. as-58051 destroyed. Weapon Shielding destroyed. Lgt. EM Pulse Cannon destroyed. Map ----- +----------------------------------------------------+ | ?????????????????????????????????????????????????? | | ?????????????????????????????????????????????????? | | ?????????????????????????????????????????????????? | | ?????????????????????????????????????????????????? | | ?????????????????????????????????????????????????? | | ?????????????????????????????????????????????????? | | ?????????????????????????????????????????????????? | | ?????????????????????????????????????????????????? | | ?????????????????????????????????????????????????? | | ?????????????????????????????????????????????????? | | ?????????????????????????????????????????????????? | | ?????????????????????????????????????????????????? | | ?????????????????????????????????????????????????? | | ?????????????????????????????????????????????????? | | ?????????????????????????????????????????????????? | | ?????????????????????????????????????????????????? | | ?????????????????????????????????????????????????? | | ?????????????????????????????###?????????????????? | | ????????????????????????????# ####### #?????????? | | ???????????????????????##### ?????????? | | ??????????????????????## a ?????????????? | | ?????????????########## ##???????????????? | | ?????????????# ###?????????????? | | ?????????????# ##????????????? | | ?????????????# ##### aa%% #????????????? | | ?????????????# #???# @a= #????????????? | | ?????????????# #???## !%=### ##????????????? | | ?????????????# ####?### ###???? ##?????????????? | | ?????????????# ## ##?# #??????????????????????? | | ?????????????# ## ### #??????????????????????? | | ?????????????# ## # ##??????##?????????????? | | ???????#????# ##?# ##???## ##????????????? | | ?????# ??## ### #??## #????????????? | | #### ### ## #??# #????????????? | | #### #????????????? | | #?????????????? | | ?# ### ### ## #?############# | | ?????????# ############ ## ##?# | | ?????????# ##????????# ######??# """ """ """ | | ?????????## #????????# #########[""" """ """ | | ??????????# """ ##???????# [%*%==""" """ """ | | ??????????# """ ####????###########= | | ??????????## """ #??????????????# """ """ """ | | ???????????## #??????????????# """ """ """ | | ????????????## ###??????????????# """ """ """ | | ?????????????# ##????????????????# | | ?????????????## ##????????????????############# | | ??????????????## ##???????????????????????????? | | ???????????????## ###?????????????????????????? | | ????????????????## % ###???????????????????????? | +----------------------------------------------------+ Best States ------------- Heat Dissipation 25 Energy Generation 10 Energy Capacity 250 Matter Stores 300 Matter Capacity 300 Sight Range 18 Terrain Scan Density 10 Weapon Shielding 33 Evasion (%) 55 Item Schematics ----------------- None Robot Schematics ------------------ None Fabricated ------------ Nothing Alien Tech Used ----------------- None Achievements -------------- None Challenges ------------ None Game ------ Seed HardlightActuatorCleaver Manual? 0 Play Time 00:19:46 Cumulative 1.9 hours Start 2024.03.31 @ 11:31:45 End 2024.03.31 @ 11:53:21 Sessions 1 Manual Loads 0 Difficulty Rogue Special Mode None Game No. 6 Rogue 6 Adventurer 0 Explorer 0 Win Type - Total 0 Types 0/0/0/0/0/0/0/0/0 Lore% 1 Gallery% 6 Achievement% 5 Wizard Run 0 Options --------- Layout 1 ASCII 0 Keyboard 0 Movement Arrows Keybinds 0 Fullscreen 1 Font 32/SmallcapsGlow Map View 50x35 Zoom Use 0% Tactical HUD 0 Map Filters NONE Filters NONE Steam 1 RUN: 034388cd-bb83-43ce-b789-2e70069ed2a6